AoeStats
← die trying

MegaRandom

506704975Analyzed
1v1 RM · 17d ago on Sep 14, 2026· 16m 4s· 2 players
Game mode
Random Map
Map size
Tiny (2 player)
Population
200
Speed
Normal
Resources
Standard
Victory
Conquest
Starting age
Dark Age
Ending age
Imperial Age
RankedLock teamsTeams togetherTeam positionsShared explorationLock speedFull tech treeHidden civsTurbo modeCheats
Victory
Defeat
🇨🇱 Celts · Chile
1875
+14
🇺🇸 Mongols · United States
1841
-14
vilage idoit
0:28 Loom
1:55 Loom
7:39 Feudal Age
7:54 Man-at-Arms
8:20 Double-Bit Axe
12:41 Fletching
die trying
4:18 Loom
5:55 Loom
8:07 Feudal Age
8:47 Double-Bit Axe
8:44 Horse Collar
12:20 Town Watch
14:05 Fletching
14:17 Padded Archer Armor
Connection lost

Rejoining the realm…

Still unreachable

The connection could not be restored.

Session expired

The server has moved on; the page needs a fresh start.